 Dungeon Crawl Stone Soup version 0.23-a0-356-g1757c6e (webtiles) character file.

50 HoaS the Bolt Thrower (level 3, 22/22 HPs)
             Began as a Gargoyle Hunter on Oct 17, 2018.
             Quit the game on level 2 of the Dungeon on Oct 21, 2018.
             The game lasted 00:12:34 (1276 turns).

HoaS the Bolt Thrower (Gargoyle Hunter)             Turns: 1276, Time: 00:12:35

Health: 22/22      AC: 11    Str: 16    XL:     3   Next: 79%
Magic:  3/3        EV:  9    Int: 11    God:
Gold:   12         SH:  0    Dex: 10    Spells: 2/2 levels left

rFire    . . .     SeeInvis .   a - +3 hand crossbow
rCold    . . .     Gourm    .   (no shield)
rNeg     + . .     Faith    .   m - +0 scale mail
rPois    ∞         Spirit   .   (no helmet)
rElec    +         Reflect  .   l - +0 cloak
rCorr    .         Harm     .   c - +0 pair of gloves
MR       .....                  (no boots)
Stlth    ..........             (no amulet)
HPRegen  0.07/turn              (no ring)
MPRegen  0.08/turn              (no ring)

@: very slightly contaminated, slowed, very slow
A: negative energy resistance 1, electricity resistance, unbreathing,
petrification resistance, rot immunity, AC +3
a: no special abilities


You were on level 2 of the Dungeon.
You were not hungry.

You visited 1 branch of the dungeon, and saw 2 of its levels.

You collected 12 gold pieces.

Inventory:

Hand Weapons
 a - a +3 hand crossbow (weapon)
Missiles
 d - 36 bolts (quivered)
Armour
 c - a +0 pair of gloves (worn)
 l - a +0 cloak (worn)
 m - a +0 scale mail (worn)
Scrolls
 b - a scroll of amnesia {unknown}
 e - a scroll of identify
Potions
 j - 3 potions of curing
 k - a potion of resistance {unknown}
Comestibles
 f - a ration
 g - 6 chunks of flesh


   Skills:
 * Level 2.3 Fighting
 + Level 4.0 Crossbows
 + Level 0.3 Armour
 - Level 1.5 Dodging
 - Level 1.8 Stealth
 + Level 2.7 Unarmed Combat


You had 2 spell levels left.
You didn't know any spells.
Your spell library was empty.

Dungeon Overview and Level Annotations

Branches:
Dungeon (2/15)

Altars:
Makhleb
Nemelex Xobeh


Innate Abilities, Weirdness & Mutations

You are resistant to torment.
Your stone body is resilient. (AC +3)
You are immune to poison.
You resist negative energy. (rN+)
You are resistant to electric shocks. (rElec)
You can survive without breathing.
You are immune to petrification.
You are immune to rotting.


Message History

Aim: an orc priest, wielding a +0 whip You shoot a bolt.
The bolt hits the jackal!
You kill the jackal!
A jackal comes into view.
The orc wizard mumbles some strange words.
The orc wizard blinks!
The jackal bites you but does no damage.
Saving game... please wait.
Welcome back, HoaS the Gargoyle Hunter.
Press ? for a list of commands and other information.
Unknown command.
The jackal barks!
The jackal bites you but does no damage.
The orc wizard casts a spell at you.
You feel yourself slow down.
An orc comes into view. It is wielding a +0 trident.
Saving game... please wait.
Welcome back, HoaS the Gargoyle Hunter.
Press ? for a list of commands and other information.
Are you sure you want to abandon this character and quit the game? (Confirm

*,,,,,,,.....,,,,,,,,,,
#####**###.>...*,*,*,*,*,
#....###......,,,,,,,,,,*
*******##...........#*,*,*,*,*<**
*,,,,,,.......#.....#*,*,,,,****
*,******#...........#*,*,,,,* ***
*,* #.....#.....#*,*,,,,* *,* *,*
#........o..#*,*,,,,* *,* *,*
#.......@h..##.*,,,,* *,* *,*
**######.....h.oo.(,,,,***,,
*,****,.............o...,,,,,,,,,
,,,,,,,.............?..o<,,,,,,,,
*****,*#...#...........(,,,,,,,,,
*,*#...#.........h..,,,,,,,,,
*,*#................,,,****,,
*****,*#...........##...,,,****,,
*,,,,,*#.#.#.#.....##...,,,,,,,,,


You could see an orc priest, 2 orc wizards, 2 orcs and 3 jackals.

Vanquished Creatures
  An adder (D:2)
  An ooze (D:2)
  A worm (D:2)
  A leopard gecko (D:1)
  A giant cockroach (D:2)
  A goblin (D:1)
  8 hobgoblins
  3 jackals (D:2)
  2 quokkas (D:2)
  5 bats
  A frilled lizard (D:2)
  A kobold (D:1)
  5 rats
31 creatures vanquished.

Notes
Turn   | Place    | Note
-------+----------+-------------------------------------------
     0 | D:1      | HoaS the Gargoyle Hunter began the quest for the Orb.
     0 | D:1      | Reached XP level 1. HP: 12/12 MP: 1/1
   438 | D:1      | Reached skill level 1 in Unarmed Combat
   438 | D:1      | Reached XP level 2. HP: 13/17 MP: 2/2
   942 | D:2      | Reached XP level 3. HP: 21/21 MP: 3/3
  1032 | D:2      | Found a sparkling altar of Nemelex Xobeh.
  1146 | D:2      | Found a burning altar of Makhleb.
  1276 | D:2      | Upgraded the game from 0.23-a0-335-gba3dfdf to
                  | 0.23-a0-356-g1757c6e
  1276 | D:2      | Quit the game

Vault maps used:
D:1:      dpeg_arrival_pits
D:2:      lemuel_doored_altar, chequers_ecumenical_altar_grove,
          chequers_serial_rivers_marsh, st_stairs_9, kennysheep_flooded_box

Skill      XL: |  1  2 |
---------------+-------+-----
Unarmed Combat | 1 2 |  2.7
Fighting       | |  2.3
Crossbows      | |  4.0
Armour         | |  0.3
Dodging        | |  1.5
Stealth        | |  1.8

Action                   || total
-------------------------++-------
Melee: Unarmed           ||   138
       Punch             ||     1
 Fire: Hand crossbow     ||    26
  Use: Scroll            ||     5
  Eat: Chunk             ||     1
Armor: Ring mail         ||    81
       Scale mail        ||     2
Dodge: Dodged            ||   110

Table legend:
 A = Non-vault XP
 B = Vault XP
 C = Vault XP percentage of total XP
 D = Non-vault monster count
 E = Vault monster count
 F = Vault count percentage of total count
                 A         B        C        D         E       F
            +---------+---------+-------+---------+---------+-------
      Total |      72 |       0 |   0.0 |      31 |       0 |   0.0
            +---------+---------+-------+---------+---------+-------
        D:1 |      25 |       0 |   0.0 |      14 |       0 |   0.0
        D:2 |      47 |       0 |   0.0 |      17 |       0 |   0.0
            +---------+---------+-------+---------+---------+-------
